 Dungeon Crawl Stone Soup version 0.19-a0-1792-g28b16ba (webtiles) character file.

78 twist the Skirmisher (level 4, 0/50 HPs)
             Began as an Ogre Hunter on Oct 4, 2016.
             Slain by a kobold
             ... wielding a +0 whip
              (3 damage)
             ... on level 2 of the Dungeon.
             The game lasted 00:06:15 (2099 turns).

twist the Skirmisher (Ogre Hunter)                  Turns: 2099, Time: 00:06:16

Health: 0/50       AC:  4    Str: 17    XL:     4   Next: 36%
Magic:  4/4        EV: 10    Int: 10    God:
Gold:   48         SH:  0    Dex: 11    Spells: 0 memorised, 3 levels left

rFire  . . .     SeeInvis .     o - +1 mace (holy)
rCold  . . .     Gourm    .     h - +0 robe (curse)
rNeg   . . .     Faith    .     (no shield)
rPois  .         Spirit   .     (helmet restricted)
rElec  .         Dismiss  .     (no cloak)
rCorr  .         Reflect  .     (gloves unavailable)
MR     .....     Harm     .     (boots unavailable)
Stlth  +.........               (no amulet)
                                (no ring)
                                (no ring)

@: no status effects
A: unfitting armour, shaggy fur 1, tough skin 1
a: no special abilities


You were on level 2 of the Dungeon.
You were not hungry.

You visited 1 branch of the dungeon, and saw 2 of its levels.

You collected 48 gold pieces.

Inventory:

Hand Weapons
 a - a +0 short sword
 o - a +1 mace of holy wrath (weapon)
Missiles
 c - 2 large rocks (quivered)
 d - 2 throwing nets
 q - 19 poisoned needles
Armour
 b - a +0 robe
 h - a cursed +0 robe (worn)
Scrolls
 e - 2 scrolls of identify {unknown}
 i - a scroll of remove curse {unknown}
 j - a scroll of blinking {unknown}
 m - a scroll of recharging {unknown}
 p - a scroll of amnesia {unknown}
Potions
 g - a potion of cancellation {unknown}
 l - a potion of curing
 n - a potion of beneficial mutation
Comestibles
 f - a bread ration
 k - a beef jerky
 r - a chunk of flesh


   Skills:
 + Level 5.3 Fighting
 + Level 4.1 Throwing
 + Level 2.0 Dodging
 + Level 1.2 Stealth


You had 3 spell levels left.
You didn't know any spells.

Dungeon Overview and Level Annotations

Branches:
Dungeon (2/15)

Altars:

Annotations:
D:2 Robin


Innate Abilities, Weirdness & Mutations

You are too large for most types of armour.
You have tough skin. (AC +1)
You are covered in fur. (AC +1)


Message History

* * * LOW HITPOINT WARNING * * *
The kobold hits you but does no damage.
It was a potion of beneficial mutation.
Fur sprouts all over your body.
You feel fantastic! The kobold hits you with a whip.
* * * LOW HITPOINT WARNING * * *
The gnoll closely misses you.
Unknown command.
Unknown command.
Throwing (i - inventory. (,) - cycle):
c - 3 large rocks (quivered)
Press: ? - help, Shift-Dir - straight line, f/p - kobold
Aim: a kobold, wielding a whip You throw a large rock.
The large rock barely misses the kobold.
The large rock closely misses the gnoll.
You hear a shout!
The kobold hits you with a whip.
* * * LOW HITPOINT WARNING * * *
The gnoll completely misses you. The kobold hits you with a whip.
You die...

#.#♣.♣.♣.#.#
#.#......#.#
..##.#♣g♣K♣##.#
.....##.#.# #.#
..........# #.#
######.### #.#
#.# #.#
#.#####.#
#(gK@...#
#########


You could see a gnoll and a kobold.

Vanquished Creatures
  2 adders (D:2)
  An ooze (D:1)
  A leopard gecko (D:1)
  4 bats (D:1)
  2 giant cockroaches (D:1)
  9 goblins
  10 hobgoblins
  4 jackals (D:1)
  6 kobolds (D:1)
  A ball python (D:2)
  A frilled lizard (D:1)
  7 rats
48 creatures vanquished.

Notes
Turn   | Place    | Note
-------+----------+-------------------------------------------
     0 | D:1      | twist the Ogre Hunter began the quest for the Orb.
     0 | D:1      | Reached XP level 1. HP: 22/22 MP: 1/1
    26 | D:1      | Reached skill level 3 in Fighting
    40 | D:1      | Reached XP level 2. HP: 27/32 MP: 2/2
   546 | D:1      | Reached skill level 4 in Fighting
   882 | D:1      | Reached XP level 3. HP: 28/40 MP: 3/3
  1161 | D:1      | Reached skill level 5 in Fighting
  1591 | D:2      | Noticed Robin
  1603 | D:2      | Reached skill level 1 in Stealth
  1864 | D:1      | Reached XP level 4. HP: 17/50 MP: 4/4
  2098 | D:2      | Gained mutation: You are covered in fur. (AC +1) [potion of beneficial mutation]
  2099 | D:2      | Slain by a kobold

Vault maps used:
D:1:      ncdulo_smallfort, st_stairs_7
D:2:      nicolae_overflow_crystal_walls, first_bread, serial_forest,
          infiniplex_forest_straight_2, infiniplex_forest_straight_4,
          infiniplex_forest_lined_ring, infiniplex_forest_clump_diagonal,
          infiniplex_forest_lined_corner, infiniplex_forest_clump_medium,
          infiniplex_forest_corner_1, infiniplex_forest_clump_small, uniq_robin

Skill      XL: |  1  2  3  4 |
---------------+-------------+-----
Fighting       | 3 4 5 |  5.3
Stealth        | 1 |  1.2
Dodging        | 2 |  2.0
Throwing       | |  4.1

Action                   |  1- 3 |  4- 6 || total
-------------------------+-------+-------++-------
Melee: Short sword       |   116 |       ||   116
       Mace              |    45 |     8 ||    53
Throw: Large rock        |       |     3 ||     3
  Use: Potion            |       |     2 ||     2
  Eat: Chunk             |     3 |     1 ||     4
Armor: Robe              |   173 |     4 ||   177
Dodge: Dodged            |   237 |    14 ||   251
